 Dungeon Crawl Stone Soup version 0.24-a0-423-g6870c0f642 (webtiles) character file.

Game seed: 8471848388254059479

1342 JellyEater the Geomancer (level 8, -1/41 HPs)
             Began as a Gargoyle Earth Elementalist on June 13, 2019.
             Was an Initiate of Vehumet.
             Slain by an orc warrior
             ... wielding a +1 scimitar of holy wrath
              (12 damage)
             ... on level 6 of the Dungeon.
             The game lasted 00:17:08 (6152 turns).

JellyEater the Geomancer (GrEE)                     Turns: 6152, Time: 00:17:08

Health: -1/41      AC:  8    Str: 18    XL:     8   Next: 62%
Magic:  4/16       EV: 12    Int: 17    God:    Vehumet [......]
Gold:   295        SH:  0    Dex: 10    Spells: 9/18 levels left

rFire    . . .     SeeInvis .   o - +0 dagger (elec)
rCold    + . .     Gourm    .   (no shield)
rNeg     + . .     Faith    .   c - +0 robe
rPois    ∞         Spirit   .   (no helmet)
rElec    +         Reflect  .   (no cloak)
rCorr    +         Harm     .   i - +0 pair of gloves
MR       .....                  (no boots)
Stlth    ++........             (no amulet)
HPRegen  0.13/turn              j - ring of protection from cold
MPRegen  0.15/turn              h - ring of resist corrosion

@: mighty
A: negative energy resistance 1, electricity resistance, unbreathing,
petrification resistance, rot immunity, AC +5
a: Renounce Religion


You were on level 6 of the Dungeon.
You worshipped Vehumet.
Vehumet was noncommittal.
You were not hungry.

You visited 1 branch of the dungeon, and saw 6 of its levels.

You collected 295 gold pieces.

Inventory:

Hand Weapons
 m - a +0 flail
 o - a +0 dagger of electrocution (weapon)
Missiles
 p - 22 stones (quivered)
 s - a throwing net
Armour
 c - a +0 robe (worn)
 i - a +0 pair of gloves (worn)
Jewellery
 h - a ring of resist corrosion (right hand)
 j - a ring of protection from cold (left hand)
Wands
 b - a wand of disintegration (11)
 f - a wand of digging (2)
 t - a wand of scattershot (7)
 u - a wand of random effects (16)
Scrolls
 a - 5 scrolls of teleportation
 e - 3 scrolls of remove curse
 k - 4 scrolls of identify
 l - 3 scrolls of immolation
 n - 3 scrolls of amnesia
Potions
 g - 3 potions of flight
 q - a potion of curing
 r - a potion of might
Comestibles
 d - 9 rations
 v - 9 chunks of flesh


   Skills:
 - Level 1.5 Dodging
 - Level 2.1 Stealth
 + Level 5.8 Spellcasting
 + Level 5.9 Conjurations
   Level 0.7 Transmutations
 + Level 8.1 Earth Magic


You had 9 spell levels left.
You knew the following spells:

 Your Spells              Type           Power        Failure   Level  Hunger
a - Sandblast             Erth           ####..       1%          1    None
b - Stone Arrow           Conj/Erth      ####..       2%          3    ##.....
c - Lee's Rapid Deconstr  Erth           ####......   13%         5    ######.

Your spell library contained the following spells:

 Spells                   Type           Power        Failure   Level  Hunger
 Passwall                 Tmut/Erth      ###.....     3%          2    #......
 Petrify                  Tmut/Erth      ###.....     22%         4    ####...


Dungeon Overview and Level Annotations

Branches:
Dungeon (6/15)
 Temple: D:4-7

Altars:
Ashenzari
Nemelex Xobeh
Ru
Uskayaw
Vehumet
Yredelemnul
The Shining One


Innate Abilities, Weirdness & Mutations

You are resistant to torment.
Your stone body is resilient. (AC +5)
You are immune to poison.
You resist negative energy. (rN+)
You are resistant to electric shocks. (rElec)
You can survive without breathing.
You are immune to petrification.
You are immune to rotting.


Message History

p - 24 stones The orc warrior closely misses you.
Casting: Sandblast (safe; 1% risk of failure)
Confirm with . or Enter, or press ? or * to list all spells.
Aiming: Sandblast (safe; 1% risk of failure)
Press: ? - help, Shift-Dir - straight line, f/p - orc warrior
Aim: an orc warrior, wielding a +1 scimitar of holy wrath and wearing a +0 chain mail (heavily wounded)
The blast of sand hits the orc warrior!
The orc warrior is almost dead.
p - 23 stones
Casting: Sandblast (safe; 1% risk of failure)
Confirm with . or Enter, or press ? or * to list all spells.
Aiming: Sandblast (safe; 1% risk of failure)
Press: ? - help, Shift-Dir - straight line, f/p - orc warrior
Aim: an orc warrior, wielding a +1 scimitar of holy wrath and wearing a +0 chain mail (almost dead)
The blast of sand hits the orc warrior but does no damage.
The orc warrior is almost dead.
p - 22 stones The orc warrior hits you with a +1 scimitar of holy wrath!
You die...

### #.. #.# #.#
#@# #o# #o# #o#
#############.#
####.............#
...#..........####
..............# ##
.............o#..#


You could see an orc warrior, an orc wizard and an orc.

Vanquished Creatures
  An ice beast (D:5)
  A sky beast (D:5)
  3 ogres
  A phantom (D:4)
  A centaur (D:6)
  2 crimson imps
  A hound (D:4)
  A jelly (D:5)
  An orc priest (D:4)
  4 bullfrog skeletons
  Jessica (D:3)
  2 iguanas
  2 worker ants (D:4)
  2 orc wizards
  Terence (D:3)
  12 gnolls
  5 adders
  2 oozes
  A worm (D:4)
  3 dart slugs (D:1)
  2 leopard geckos (D:1)
  9 orcs
  8 bats
  3 giant cockroaches
  7 goblins
  12 hobgoblins
  8 jackals
  2 quokkas
  A ball python (D:2)
  7 frilled lizards
  2 hobgoblin zombies (D:5)
  A jackal skeleton (D:4)
  10 kobolds
  A kobold skeleton (D:5)
  A kobold zombie (D:5)
  A leopard gecko skeleton (D:5)
  An orc skeleton (D:5)
  3 orc zombies (D:5)
  2 quokka zombies (D:5)
  8 rats
136 creatures vanquished.

Notes
Turn   | Place    | Note
-------+----------+-------------------------------------------
     0 | D:1      | JellyEater the Gargoyle Earth Elementalist began the quest
                  | for the Orb.
     0 | D:1      | Reached XP level 1. HP: 10/10 MP: 3/3
   240 | D:1      | Reached XP level 2. HP: 8/15 MP: 0/5
   385 | D:1      | Reached skill level 4 in Earth Magic
   681 | D:1      | Reached XP level 3. HP: 15/19 MP: 6/6
   771 | D:1      | Learned a level 3 spell: Stone Arrow
  1455 | D:2      | Found a shattered altar of Ashenzari.
  1475 | D:2      | Reached skill level 1 in Conjurations
  1475 | D:2      | Reached XP level 4. HP: 20/24 MP: 1/8
  1758 | D:2      | Reached skill level 5 in Earth Magic
  1761 | D:2      | Reached XP level 5. HP: 24/28 MP: 2/9
  1807 | D:2      | Learned a level 5 spell: Lee's Rapid Deconstruction
  2293 | D:3      | Noticed Terence
  2296 | D:3      | Killed Terence
  2330 | D:3      | Found a sacrificial altar of Ru.
  2753 | D:3      | Reached XP level 6. HP: 29/32 MP: 11/11
  2766 | D:3      | Noticed Jessica
  2771 | D:3      | Killed Jessica
  3166 | D:3      | Found a sparkling altar of Nemelex Xobeh.
  3611 | D:4      | Found a basalt altar of Yredelemnul.
  3721 | D:4      | Reached skill level 6 in Earth Magic
  3986 | D:4      | Found a hide-covered altar of Uskayaw.
  3989 | D:4      | Noticed a phantom
  3993 | D:4      | Reached XP level 7. HP: 6/36 MP: 3/13
  4916 | D:5      | Entered Level 5 of the Dungeon
  4924 | D:5      | Reached skill level 5 in Spellcasting
  4924 | D:5      | Reached skill level 7 in Earth Magic
  5016 | D:5      | Reached skill level 5 in Conjurations
  5016 | D:5      | Reached XP level 8. HP: 38/41 MP: 9/15
  5089 | D:5      | Found a radiant altar of Vehumet.
  5100 | D:5      | Became a worshipper of Vehumet
  5398 | D:5      | Found a glowing golden altar of the Shining One.
  6002 | D:6      | Reached skill level 8 in Earth Magic
  6152 | D:6      | Slain by an orc warrior

Levels and vault maps discovered:
D:1:      lemuel_arrival_rhombus, layout_basic, chequers_serial_rivers_micro_d,
          grunt_decor_mini_mirrors
D:2:      layout_loops_corners, ashenzari_altar_1
D:3:      layout_basic, nemelex_altar_shiori, nicolae_ru_the_path_less_chosen,
          nicolae_underground_beach, uniq_terence, uniq_jessica
D:4:      layout_basic, lemuel_crystal_altar, lemuel_doored_altar,
          mrwooster_statue_mirror
D:5:      layout_cave_pods, nicolae_overflow_crystal_walls,
          nicolae_tso_besieged_by_evil, first_ration, st_stairs_6
D:6:      layout_rooms, led_sif_book, gammafunk_ghost_hive, grunt_ministairs_8,
          hangedman_minor_gate_pass

Skill      XL: |  1  2  3  4  5  6  7  8 |
---------------+-------------------------+-----
Earth Magic    | 4 5 6 7 8 |  8.1
Spellcasting   | 3 4 5 |  5.8
Conjurations   | 1 2 3 5 |  5.9
Dodging        | |  1.5
Stealth        | |  2.1
Transmutations | |  0.7

Action                   |  1- 3 |  4- 6 |  7- 9 || total
-------------------------+-------+-------+-------++-------
Melee: Club              |    17 |       |       ||    17
       Dagger            |    75 |   202 |   103 ||   380
 Cast: Sandblast         |    24 |    13 |    24 ||    61
       Stone Arrow       |     1 |    14 |    11 ||    26
       Lee's Rapid Decon |       |       |     5 ||     5
Evoke: Wand              |       |       |     8 ||     8
  Use: Scroll            |     5 |     5 |     3 ||    13
       Potion            |       |     1 |     3 ||     4
 Stab: Sleeping          |     3 |     6 |     2 ||    11
       Distracted        |     1 |       |       ||     1
  Eat: Chunk             |     2 |    10 |     6 ||    18
       Ration            |       |       |     1 ||     1
Armor: Robe              |    31 |    97 |    37 ||   165
Dodge: Dodged            |    66 |   185 |    58 ||   309

Table legend:
 A = Non-vault XP
 B = Vault XP
 C = Vault XP percentage of total XP
 D = Non-vault monster count
 E = Vault monster count
 F = Vault count percentage of total count
                 A         B        C        D         E       F
            +---------+---------+-------+---------+---------+-------
      Total |    1670 |     248 |  12.9 |     123 |      13 |   9.6
            +---------+---------+-------+---------+---------+-------
        D:1 |      55 |       0 |   0.0 |      28 |       0 |   0.0
        D:2 |     141 |       0 |   0.0 |      20 |       0 |   0.0
        D:3 |     113 |      69 |  37.9 |      29 |       2 |   6.5
        D:4 |     657 |       0 |   0.0 |      24 |       0 |   0.0
        D:5 |     447 |     179 |  28.6 |      15 |      11 |  42.3
        D:6 |     257 |       0 |   0.0 |       7 |       0 |   0.0
            +---------+---------+-------+---------+---------+-------
